Map: Blackpink LE

Players

birdy - Winner!

  • Race: Zerg Zerg
  • League: Master
  • Spawn Location: 1:00

A.I. 1 (Very Easy)

  • Race: Zerg Zerg
  • Spawn Location: 7:00

VOD

https://www.youtube.com/watch?v=Qm78oeUGIko&t=109s

Description

17 pool
17 hatch
17 gas
@100% pool - Build queen + 3 pairs of lings
Que up a second queen before this one finishes
Build a 3rd queen from your natural hatchery
@100gas - start ling speed
36 - Defensive Tech
Roach warren or Baneling nest (your choice)
44 - take a 3rd base (3:30-4:00)
50 - Lair, 2x evo chamber and 2xGas.

Time

  • Played on: Dec. 15, 2017, 9:56 a.m.
  • Length: 6:48
Show
View Real Time Build Order
Export as new Build Order

birdy Zerg - Winner!

Build Orders: Pool First 

Get SALT Encoding   

  12  0:01  Drone  
  13  0:13  Overlord  
  13  0:17  Drone  
  14  0:31  Drone x2  
  14  0:34  Drone  
  17  0:47  Spawning Pool  
  17  0:49  Drone  
  17  1:10  Hatchery  
  16  1:13  Drone  
  17  1:18  Extractor  
  17  1:21  Drone x2  
  18  1:28  Drone  
  19  1:36  Queen  
  21  1:41  Overlord  
  21  1:55  Zergling x2  
  22  2:02  Zergling x2  
  23  2:12  Queen  
  25  2:16  Zergling x2  
  26  2:24  Queen  
  26  2:26  Metabolic Boost  
  26  2:29  Drone x2  
  30  2:36  Overlord  
  30  2:48  Drone x5  
  30  2:51  Drone  
  36  2:59  Overlord  
  36  3:00  Drone  
  36  3:05  Drone  
  38  3:13  Roach Warren  
  37  3:24  Drone x5  
  37  3:25  Drone  
  43  3:32  Drone  
  44  3:47  Hatchery  
  43  3:52  Lair  
  43  3:53  Extractor  
  43  3:55  Drone x3  
  45  3:56  Drone  
  45  3:58  Evolution Chamber, Drone  
  46  4:03  Drone  
  46  4:05  Evolution Chamber, Drone  
  46  4:08  Drone  
  46  4:09  Drone  
  49  4:11  Drone  
  50  4:18  Extractor  
  50  4:20  Drone  
  50  4:21  Drone x2  
  52  4:25  Zerg Missile Weapons Level 1  
  52  4:28  Overlord x2  
  52  4:33  Zerg Ground Armor Level 1  
  52  4:46  Roach x5  
  52  4:49  Roach  
  64  4:57  Overlord x2  
  64  4:58  Roach  
  64  4:59  Roach  
  68  5:07  Glial Reconstitution  
  68  5:10  Overlord x2  
  68  5:11  Roach  
  70  5:20  Roach  
  70  5:21  Roach x2  
  76  5:23  Roach  
  78  5:31  Roach x2  
  78  5:33  Roach  
  84  5:36  Roach  
  86  5:44  Roach x2  
  86  5:45  Roach  
  86  5:48  Roach  
  94  5:56  Roach x2  
  98  5:57  Roach  
  98  5:59  Overlord x2  
  98  6:00  Drone x4  
  98  6:01  Drone  
  105  6:08  Overlord x2  
  104  6:19  Roach x5  
  104  6:25  Roach x2  
Show
View Real Time Build Order
Export as new Build Order

A.I. 1 (Very Easy) Zerg 

Build Orders: Pool Only 

Get SALT Encoding   

  12  0:01  Drone  
  13  0:12  Overlord  
  13  0:17  Drone  
  14  0:34  Spawning Pool  
  13  0:37  Drone  
  13  0:41  Extractor  
  13  0:44  Drone  
  14  0:51  Overlord  
  14  1:21  Queen, Zergling x2  
  17  1:30  Roach Warren  
  17  1:32  Extractor  
  15  1:35  Drone  
  16  1:42  Drone  
  17  1:50  Zergling x2  
  18  2:02  Drone  
  19  2:09  Drone  
  20  2:18  Drone, Zergling x2  
  22  2:28  Overlord  
  22  2:32  Drone  
  23  2:39  Drone  
  24  2:46  Drone  
  24  2:47  Roach  
  27  4:12  Zergling x2  
  27  6:16  Zergling x2  
  23  6:30  Drone  
Tags
 
League
Master
Matchup
ZvZ
Race
Zerg
Spawn Locations
Cross Positions
Add a new tag
Caveats
  • Supply blocks, unpowered buildings, or Contaminate may cause inaccurate times.
  • Supply counts are checked every 10 seconds.